 Dungeon Crawl Stone Soup version 0.30-b1-2-g02819fbbbe (webtiles) character file.

Game seed: 11646527563038445235

95 Fartwhistle the Skirmisher (level 4, -1/38 HPs)
             Began as a Gnoll Hunter on Sept 17, 2023.
             Succumbed to a water moccasin's poison
             ... on level 4 of the Dungeon.
             The game lasted 00:04:10 (2622 turns).

Fartwhistle the Skirmisher (Gnoll Hunter)           Turns: 2622, Time: 00:04:10

Health: -1/38      AC:  8    Str: 10    XL:     4   Next: 65%
Magic:  5/5        EV: 12    Int: 10    God:
Gold:   43         SH:  0    Dex: 19    Spells: 5/5 levels left

rFire   + . .        a - +0 shortbow
rCold   . . .        (shield currently unavailable)
rNeg    . . .        o - +0 ring mail "Qiururghu" {rF+ Dex+3}
rPois   .            q - +0 helmet
rElec   .            (no cloak)
rCorr   .            k - +0 pair of gloves
SInv    .            l - +0 pair of boots
Will    .....        h - amulet of the acrobat
Stlth   ++           (no ring)
HPRegen 0.26/turn    (no ring)
MPRegen 0.09/turn

%: acrobat
@: lethally poisoned (-1 -> -19)
A: fangs 1, strong nose, distributed training
a: no special abilities


You were on level 4 of the Dungeon.
You visited 1 branch of the dungeon, and saw 4 of its levels.

You collected 187 gold pieces.
You spent 144 gold pieces at shops.

Inventory:

Hand Weapons
 a - a +0 shortbow (weapon)
Missiles
 s - 7 poisoned darts
Armour
 k - a +0 pair of gloves (worn)
 l - a +0 pair of boots (worn)
 o - the +0 ring mail "Qiururghu" (worn) {rF+ Dex+3}
   (You found it on level 2 of the Dungeon)

   Dex:       It affects your dexterity (+3).
   rF:        It protects you from fire.
 q - a +0 helmet (worn)
Jewellery
 c - an amulet of magic regeneration
 f - a ring of fire
 h - an amulet of the acrobat (around neck)
Scrolls
 b - a scroll of immolation
 e - a scroll of poison {unknown}
 i - 3 scrolls of magic mapping {unknown}
 j - a scroll of torment
 m - a scroll of blinking {unknown}
 n - 4 scrolls of teleportation
 p - a scroll of summoning {unknown}
 r - 2 scrolls of identify
Potions
 d - 3 potions of curing
 g - a potion of heal wounds


   Skills:
 + Level 4.7 Fighting
 + Level 1.2 Short Blades
 + Level 1.2 Long Blades
 + Level 1.2 Axes
 + Level 1.2 Maces & Flails
 + Level 1.2 Polearms
 + Level 1.2 Staves
 + Level 8.6 Ranged Weapons
 + Level 1.2 Throwing
 + Level 1.2 Armour
 + Level 4.7 Dodging
 + Level 2.6 Stealth
 + Level 1.2 Shields
 + Level 1.2 Unarmed Combat
 + Level 1.2 Spellcasting
 + Level 1.0 Conjurations
 + Level 1.0 Hexes
 + Level 1.0 Summonings
 + Level 1.0 Necromancy
 + Level 1.0 Translocations
 + Level 1.0 Transmutations
 + Level 1.0 Fire Magic
 + Level 1.0 Ice Magic
 + Level 1.0 Air Magic
 + Level 1.0 Earth Magic
 + Level 1.0 Poison Magic
 + Level 1.4 Invocations
 + Level 1.2 Evocations


You had 5 spell levels left.
You didn't know any spells.
Your spell library contained the following spells:

 Spells                   Type           Power      Damage    Failure   Level
 Necrotise                Necr           8%         1d4       50%         1
 Blink                    Tloc           4%         N/A       63%         2
 Inner Flame              Hex/Fire       2%         N/A       86%         3
 Vampiric Draining        Necr           2%         2d6       86%         3
 Manifold Assault         Tloc           2%         N/A       99%         4
 Agony                    Necr           2%         N/A       100%        5
 Yara's Violent Unravell  Hex/Tmut       1%         3d3       100%        5
 Enfeeble                 Hex            1%         N/A       100%        7
 Storm Form               Tmut/Air       1%         N/A       100%        7


Dungeon Overview and Level Annotations

Branches:
Dungeon (4/15)
 Temple: D:4-7

Altars:
Fedhas
Trog
Wu Jian

Shops:
D:1 ==?(

Annotations:
D:3 1 runed translucent door, Crazy Yiuf, Grinder


Innate Abilities, Weirdness & Mutations

You have very sharp teeth.
Your uncanny sense of smell can sniff out nearby items.
Your experience applies equally to all skills.


Message History

Your Earth Magic skill increases to level 1!
Your Poison Magic skill increases to level 1!
A water moccasin comes into view.
You shoot an arrow. The water moccasin hisses angrily.
The arrow hits the water moccasin.
The water moccasin is lightly wounded.
You shoot an arrow.
The arrow barely misses the water moccasin.
You shoot an arrow. The arrow hits the water moccasin!
The water moccasin is heavily wounded.
You shoot an arrow. The arrow hits the water moccasin!
The water moccasin is almost dead.
The water moccasin bites you!
You are poisoned.
The water moccasin poisons you!
You shoot an arrow.
The arrow hits the water moccasin but does no damage.
The water moccasin is almost dead.
You feel very sick. The water moccasin bites you!
You are lethally poisoned!
The water moccasin poisons you!
The water moccasin completely misses you.
Fire: a) +0 shortbow
Press: ? - help, Q - select action, (/) - cycle Shift-Dir - straight line, f/p - water moccasin
Aim: a water moccasin (almost dead, 52% to hit)
You shoot an arrow.
The arrow closely misses the water moccasin.
You feel very sick. The water moccasin bites you.
* * * LOW HITPOINT WARNING * * *
The water moccasin bites you.
* * * LOW HITPOINT WARNING * * *
Fire: a) +0 shortbow
Press: ? - help, Q - select action, (/) - cycle Shift-Dir - straight line, f/p - water moccasin
Aim: a water moccasin (almost dead, 52% to hit)
You shoot an arrow. The arrow hits the water moccasin.
You kill the water moccasin!
You die... #.#############.# ......$@...<....# #...############# #

There were no monsters in sight!

Vanquished Creatures
  A water moccasin (D:4)
  A jelly (D:4)
  An adder (D:2)
  2 worms
  A dart slug (D:1)
  3 ball pythons
  6 bats
  3 endoplasms (D:1)
  2 giant cockroaches (D:1)
  4 goblins
  3 hobgoblins (D:1)
  7 kobolds
  2 quokkas
  2 frilled lizards (D:1)
  5 rats
43 creatures vanquished.

Notes
Turn   | Place    | Note
-------+----------+-------------------------------------------
     0 | D:1      | Fartwhistle the Gnoll Hunter began the quest for the Orb.
     0 | D:1      | Reached XP level 1. HP: 20/20 MP: 1/1
     7 | D:1      | Found Obied's Magic Scroll Shop.
    70 | D:1      | Reached XP level 2. HP: 4/26 MP: 2/2
   463 | D:1      | Found Amaecs's Weapon Shop.
   474 | D:1      | Reached XP level 3. HP: 31/31 MP: 3/3
   617 | D:1      | Found Lucholyna's Jewellery Shop.
   632 | D:1      | Found Nimoav's Jewellery Boutique.
   759 | D:1      | Reached skill level 1 in Invocations
   835 | D:1      | Bought a scroll of identify for 24 gold pieces
   835 | D:1      | Bought a scroll of identify for 24 gold pieces
   835 | D:1      | Bought a scroll of identify for 24 gold pieces
  1158 | D:2      | Reached skill level 1 in Short Blades
  1158 | D:2      | Reached skill level 1 in Long Blades
  1158 | D:2      | Reached skill level 1 in Axes
  1158 | D:2      | Reached skill level 1 in Maces & Flails
  1158 | D:2      | Reached skill level 1 in Polearms
  1158 | D:2      | Reached skill level 1 in Staves
  1158 | D:2      | Reached skill level 1 in Throwing
  1158 | D:2      | Reached skill level 1 in Armour
  1158 | D:2      | Reached skill level 1 in Shields
  1158 | D:2      | Reached skill level 1 in Unarmed Combat
  1158 | D:2      | Reached skill level 1 in Spellcasting
  1158 | D:2      | Reached skill level 1 in Evocations
  1330 | D:2      | Identified the +0 ring mail "Qiururghu" {rF+ Dex+3}
  1639 | D:3      | Noticed Grinder
  1645 | D:3      | Paralysed by Grinder for 5 turns
  1734 | D:1      | Bought 2 scrolls of teleportation for 72 gold pieces
  1872 | D:3      | Found a bloodstained altar of Trog.
  2098 | D:3      | Reached XP level 4. HP: 38/38 MP: 5/5
  2227 | D:3      | Found a blossoming altar of Fedhas.
  2227 | D:3      | Found an ornate altar of the Wu Jian Council.
  2551 | D:3      | Found a runed translucent door.
  2552 | D:3      | Noticed Crazy Yiuf
  2612 | D:4      | Reached skill level 1 in Conjurations
  2612 | D:4      | Reached skill level 1 in Hexes
  2612 | D:4      | Reached skill level 1 in Summonings
  2612 | D:4      | Reached skill level 1 in Necromancy
  2612 | D:4      | Reached skill level 1 in Translocations
  2612 | D:4      | Reached skill level 1 in Transmutations
  2612 | D:4      | Reached skill level 1 in Fire Magic
  2612 | D:4      | Reached skill level 1 in Ice Magic
  2612 | D:4      | Reached skill level 1 in Air Magic
  2612 | D:4      | Reached skill level 1 in Earth Magic
  2612 | D:4      | Reached skill level 1 in Poison Magic
  2615 | D:4      | Noticed a water moccasin
  2622 | D:4      | Killed a water moccasin
  2622 | D:4      | Succumbed to a water moccasin's poison

Illustrated notes

Levels and vault maps discovered:
D:1:      spicycebolla_green_bress_n_ham_2, layout_basic, serial_shops, shop,
          shop, shop, nicolae_shop_statue_plus, hangedman_decor_growths
D:2:      layout_basic, minivault_4
D:3:      layout_loops_ring, gammafunk_temple_overflow_pools,
          mainiacjoe_overflow_paths, chequers_serial_rivers_marsh, uniq_grinder,
          uniq_crazy_yiuf_cottage
D:4:      layout_loops_ring, elyvilon_altar_5, serial_shops,
          nicolae_shop_waterfront, kennysheep_generic_room_13,
          uniq_blork_the_orc

Skill      XL: |  1  2  3  4 |
---------------+-------------+-----
Invocations    | 1 |  1.4
Short Blades   | 1 |  1.2
Long Blades    | 1 |  1.2
Axes           | 1 |  1.2
Maces & Flails | 1 |  1.2
Polearms       | 1 |  1.2
Staves         | 1 |  1.2
Throwing       | 1 |  1.2
Armour         | 1 |  1.2
Shields        | 1 |  1.2
Unarmed Combat | 1 |  1.2
Spellcasting   | 1 |  1.2
Evocations     | 1 |  1.2
Conjurations   | 1 |  1.0
Hexes          | 1 |  1.0
Summonings     | 1 |  1.0
Necromancy     | 1 |  1.0
Translocations | 1 |  1.0
Transmutations | 1 |  1.0
Fire Magic     | 1 |  1.0
Ice Magic      | 1 |  1.0
Air Magic      | 1 |  1.0
Earth Magic    | 1 |  1.0
Poison Magic   | 1 |  1.0
Fighting       | |  4.7
Ranged Weapons | |  8.6
Dodging        | |  4.7
Stealth        | |  2.6

Action                     |  1- 3 |  4- 6 || total
---------------------------+-------+-------++-------
   Fire: Shortbow          |    99 |    21 ||   120
    Use: Scroll            |     5 |       ||     5
 Armour: Leather armour    |     5 |       ||     5
         Ring mail         |     1 |       ||     1
  Dodge: Dodged            |    28 |     3 ||    31
